 Dungeon Crawl Stone Soup version 0.27-a0-343-gfcad680f63 (webtiles) character file.

Game seed: 12404467751628688525

65 inc the Stinger (level 3, 12/14 HPs)
             Began as a Felid Venom Mage on Feb 14, 2021.
             Was a Follower of Uskayaw.
             Quit the game on level 3 of the Dungeon.
             The game lasted 00:04:44 (3085 turns).

inc the Stinger (Felid Venom Mage)                  Turns: 3085, Time: 00:04:45

Health: 12/14      AC:  1    Str:  4    XL:     3   Next: 94%
Magic:  5/7        EV: 18    Int: 17    God:    Uskayaw [*.....]
Gold:   200        SH:  0    Dex: 16    Spells: 3/6 levels left
                                        Lives:  0   Deaths: 1

rFire    . . .     SeeInvis +   (weapon unavailable)
rCold    + . .     Faith    .   (shield unavailable)
rNeg     . . .     Spirit   .   (armour unavailable)
rPois    .         Reflect  .   (helmet unavailable)
rElec    .         Harm     .   (cloak unavailable)
rCorr    .         Rampage  .   (gloves unavailable)
Will     +....                  (boots unavailable)
Stlth    +++.......             (no amulet)
HPRegen  0.04/turn              f - ring of willpower
MPRegen  0.10/turn              g - ring of protection from cold

@: quick
A: very small, no armour, no weapons or thrown items, stealth, claws 1, fangs 3,
see invisible, speed 1, shaggy fur 1, sharp paws
a: Renounce Religion, Stomp


You were on level 3 of the Dungeon.
You worshipped Uskayaw.
Uskayaw was noncommittal.
You visited 1 branch of the dungeon, and saw 3 of its levels.

You collected 200 gold pieces.

Inventory:

Jewellery
 f - a ring of willpower (left paw)
 g - a ring of protection from cold (right paw)
 j - a ring of protection from cold
Scrolls
 a - a scroll of magic mapping {unknown}
 b - 2 scrolls of identify
 c - a scroll of blinking {unknown}
 d - 2 scrolls of immolation {unknown}
 e - 2 scrolls of teleportation {unknown}
 h - a scroll of enchant armour
Potions
 i - a potion of flight


   Skills:
 - Level 2.6 Dodging
 - Level 2.6 Stealth
 - Level 2.0 Spellcasting
 - Level 1.1 Transmutations
 + Level 5.2 Poison Magic


You had 3 spell levels left.
You knew the following spells:

 Your Spells              Type           Power        Failure   Level
a - Sting                 Tmut/Pois      48%          5%          1
b - Poisonous Vapours     Pois/Air       20%          10%         2

Your spell library contained the following spells:

 Spells                   Type           Power        Failure   Level
 Ignite Poison            Fire/Tmut/Pois 8%           24%         3
 Mephitic Cloud           Conj/Pois/Air  7%           28%         3
 Olgreb's Toxic Radiance  Pois           19%          22%         4


Dungeon Overview and Level Annotations

Branches:
Dungeon (3/15)

Altars:
Trog
Uskayaw

Portals:
Sewer: D:3


Innate Abilities, Weirdness & Mutations

You cannot wear armour.
You are incapable of wielding weapons or throwing items.
Your paws allow you to move quietly. (Stealth)
You have sharp claws.
You have razor-sharp teeth.
You have supernaturally acute eyesight. (SInv)
You cover ground quickly.
You are covered in fur. (AC +1)
Your sharp claws are effective at attacking unaware monsters.


Message History

Aiming: Sting (safe; 5% risk of failure)
Press: ? - help, Shift-Dir - straight line, f - worm
Aim: a worm (10% to evade)
The sting hits the worm.
The worm is poisoned.
The worm is lightly wounded.
Casting: Sting (safe; 5% risk of failure)
Confirm with . or Enter, or press ? or * to list all spells.
Aiming: Sting (safe; 5% risk of failure)
Press: ? - help, Shift-Dir - straight line, f/p - worm
Aim: a worm (moderately wounded, poisoned, 10% to evade)
The sting hits the worm but does no damage.
The worm looks even sicker.
The worm is moderately wounded.
The worm bites you.
You die...
You are now level 3!
You rejoin the land of the living...
An adder comes into view.
The adder hisses angrily.
Casting: Sting (safe; 5% risk of failure)
Confirm with . or Enter, or press ? or * to list all spells.
You can't see any susceptible monsters within range! (Use Z to cast anyway.)
An adder is nearby!
Casting: Sting (safe; 5% risk of failure)
Confirm with . or Enter, or press ? or * to list all spells.
Aiming: Sting (safe; 5% risk of failure)
Press: ? - help, Shift-Dir - straight line, f - adder
Aim: an adder (47% to evade)
The sting hits the adder but does no damage.
The adder is poisoned.
The adder closely misses you.
Casting: Sting (safe; 5% risk of failure)
Confirm with . or Enter, or press ? or * to list all spells.
Aiming: Sting (safe; 5% risk of failure)
Press: ? - help, Shift-Dir - straight line, f/p - adder
Aim: an adder (lightly wounded, poisoned, 47% to evade)
The sting hits the adder but does no damage.
The adder looks even sicker.
The adder is lightly wounded.
The adder bites you.
Are you sure you want to abandon this character and quit the game? (Confirm with "yes".)

..........# ####....
..........# #....... .
........### #....... ..
........####....... ...
#......##......... ....
#......#..........
.....##.................
..............≈..†......
......S@..≈.≈≈≈≈≈.......
.........≈≈#≈#≈####...(.
.........≈≈≈≈≈≈≈≈≈#..#..
.........########≈#..#..
.........#∩#≈≈≈≈≈≈#..#..
..###....#≈#≈#≈####..#..
. #....#≈#†#†≈≈≈#..###
######≈#≈#≈##≈# #
#≈#†#≈≈#≈#


You could see an adder (very poisoned).

Vanquished Creatures
  5 adders
  3 river rats (D:3)
  3 worms
  2 dart slugs
  A ball python (D:1)
  13 giant cockroaches
  A goblin (D:1)
  6 hobgoblins
  4 bats
  4 frilled lizards
  2 kobolds
  9 rats
53 creatures vanquished.

Notes
Turn   | Place    | Note
-------+----------+-------------------------------------------
     0 | D:1      | inc the Felid Venom Mage began the quest for the Orb.
     0 | D:1      | Reached XP level 1. HP: 7/7 MP: 4/4
   187 | D:1      | Reached skill level 3 in Poison Magic
   302 | D:1      | Reached XP level 2. HP: 11/11 MP: 1/6
  1425 | D:2      | Reached XP level 3. HP: 14/14 MP: 3/7
  1669 | D:2      | Reached skill level 4 in Poison Magic
  2408 | D:3      | Found a bloodstained altar of Trog.
  2408 | D:3      | Found a hide-covered altar of Uskayaw.
  2453 | D:3      | Became a worshipper of Uskayaw the Reveller
  2469 | D:3      | Reached * piety under Uskayaw
  2471 | D:3      | Reached XP level 4. HP: 18/18 MP: 4/8
  2694 | D:3      | Reached ** piety under Uskayaw
  2695 | D:3      | Reached skill level 5 in Poison Magic
  3005 | D:3      | Learned a level 2 spell: Poisonous Vapours
  3074 | D:3      | Found a glowing drain.
  3078 | D:3      | Slain by a worm
  3079 | D:3      | Reached XP level 3. HP: 0/14 MP: 6/7
  3085 | D:3      | Quit the game

Illustrated notes

Levels and vault maps discovered:
D:1:      mainiacjoe_arrival_reflecting_pool, layout_basic
D:2:      minmay_roachtagon, layout_loops_ring, chequers_avenue,
          minmay_nonomino_d4
D:3:      layout_basic, gammafunk_temple_overflow_wave, general_overflow_altar,
          lightli_sewer_entry_pipes, chequers_serial_rivers_large_a

Skill      XL: |  1  2  3  4 |
---------------+-------------+-----
Poison Magic   | 3 4 5 |  5.2
Dodging        | |  2.6
Stealth        | |  2.6
Spellcasting   | |  2.0
Transmutations | |  1.1

Action                   |  1- 3 |  4- 6 || total
-------------------------+-------+-------++-------
Melee: Unarmed           |     2 |     6 ||     8
       Bite              |       |     2 ||     2
 Cast: Sting             |    76 |    38 ||   114
  Use: Scroll            |     2 |       ||     2
       Potion            |       |     2 ||     2
 Stab: Invisible         |       |     1 ||     1
       Sleeping          |       |     1 ||     1
Armor: Skin              |     2 |       ||     2
Dodge: Dodged            |    27 |    21 ||    48

Table legend: (Time is in decaauts)
 A = Elapsed time spent in this place.
 B = Non-inter-level travel time spent in this place.
 C = Inter-level travel time spent in this place.
 D = Time resting spent in this place.
 E = Time spent auto-exploring this place.
 F = Levels seen in this place.
 G = Mean time per level.
                   A        B        C        D        E       F      G
               +--------+--------+--------+--------+--------+-----+--------+
         Total |   2767 |   2718 |     49 |    690 |   1516 |   3 |  922.3 |
       Dungeon |   2767 |   2718 |     49 |    690 |   1516 |   3 |  922.3 |
               +--------+--------+--------+--------+--------+-----+--------+

Top non-repeatable levels by time:
     D:2: 1407 daAuts
     D:1: 688 daAuts
     D:3: 670 daAuts
